 Dungeon Crawl Stone Soup version 0.27.1-3-gb3d3a73c9e (webtiles) character file.

Game seed: 14362873788244076391

47 H0rd4k the Charlatan (level 3, 0/26 HPs)
             Began as a Human Artificer on Oct 20, 2021.
             Slain by a jackal (3 damage)
             ... on level 2 of the Dungeon.
             The game lasted 00:01:37 (2490 turns).

H0rd4k the Charlatan (Human Artificer)              Turns: 2490, Time: 00:01:38

Health: 0/26       AC:  3    Str: 13    XL:     3   Next: 97%
Magic:  3/3        EV: 11    Int: 11    God:
Gold:   52         SH:  0    Dex: 13    Spells: 2/2 levels left

rFire    + . .     SeeInvis .   g - +0 dagger
rCold    x . .     Faith    .   (no shield)
rNeg     . . .     Spirit   .   b - +0 leather armour
rPois    .         Reflect  .   (no helmet)
rElec    .         Harm     .   (no cloak)
rCorr    .         Rampage  .   (no gloves)
Will     .....                  (no boots)
Stlth    +.........             (no amulet)
HPRegen  0.08/turn              i - ring of fire
MPRegen  0.08/turn              (no ring)

@: no status effects
A: no striking features
a: no special abilities


You were on level 2 of the Dungeon.
You visited 1 branch of the dungeon, and saw 2 of its levels.

You collected 52 gold pieces.

Inventory:

Hand Weapons
 g - a +0 dagger (weapon)
Armour
 b - a +0 leather armour (worn)
Jewellery
 i - a ring of fire (left hand)
Wands
 c - a wand of flame (6) (quivered)
 d - a wand of charming (14)
Scrolls
 a - a scroll of amnesia {unknown}
 h - 2 scrolls of teleportation {unknown}
 j - a scroll of identify {unknown}
Potions
 f - 2 potions of haste {unknown}
Miscellaneous
 e - a piece from Xom's chessboard (15/15)


   Skills:
 + Level 1.4 Fighting
 + Level 1.1 Short Blades
 - Level 2.0 Armour
 + Level 1.4 Dodging
 - Level 1.0 Stealth
 + Level 3.9 Evocations


You had 2 spell levels left.
You didn't know any spells.
Your spell library was empty.

Dungeon Overview and Level Annotations

Branches:
Dungeon (2/15)

Altars:


Message History

The endoplasm hits you.
You hit the endoplasm.
The endoplasm is heavily wounded.
The endoplasm freezes you.
You are frozen!
You feel a terrible chill!
You hit the endoplasm.
The endoplasm is heavily wounded.
A jackal comes into view.
The endoplasm hits you but does no damage.
You barely miss the endoplasm.
The endoplasm is heavily wounded.
The endoplasm freezes you.
You are frozen.
You feel a terrible chill!
* * * LOW HITPOINT WARNING * * *
The jackal barks!
You hit the endoplasm.
The endoplasm is almost dead.
The endoplasm barely misses you.
You hit the endoplasm but do no damage.
The endoplasm is almost dead.
The endoplasm hits you.
* * * LOW HITPOINT WARNING * * *
You hit the endoplasm.
You kill the endoplasm!
The jackal bites you but does no damage.
You hit the jackal.
The jackal is lightly wounded.
The jackal barely misses you.
You barely miss the jackal.
The jackal is lightly wounded.
The jackal bites you but does no damage.
You hit the jackal but do no damage.
The jackal is lightly wounded.
The jackal bites you.
* * * LOW HITPOINT WARNING * * *
The jackal bites you but does no damage.
You closely miss the jackal.
The jackal is lightly wounded.
The jackal bites you.
You die...

#.. #.# #.. #.#
#.. #.# #.< #.#
#.. #.# #.. #.#
#.h####.#####
#hhhh@......#
#.K####.###.#
..... #.# #.#
##..#J
###.###.#####.#
#....
..............#
... ..
#######..######
### .#.
#.........# .##
#.#######.# #
#.#


You could see 5 jackals and a kobold.

Vanquished Creatures
  An adder (D:2)
  A worm (D:2)
  A dart slug (D:1)
  3 ball pythons
  4 bats
  2 endoplasms (D:2)
  A giant cockroach (D:2)
  4 goblins
  3 hobgoblins
  2 jackals (D:2)
  A quokka (D:2)
  A frilled lizard (D:2)
  A kobold (D:2)
  6 rats
31 creatures vanquished.

Vanquished Creatures (others)
  A frilled lizard (D:1)
1 creature vanquished.

Grand Total: 32 creatures vanquished

Notes
Turn   | Place    | Note
-------+----------+-------------------------------------------
     0 | D:1      | H0rd4k the Human Artificer began the quest for the Orb.
     0 | D:1      | Reached XP level 1. HP: 15/15 MP: 1/1
   467 | D:1      | Reached XP level 2. HP: 14/21 MP: 2/2
  1434 | D:2      | Reached XP level 3. HP: 6/26 MP: 3/3
  2374 | D:2      | Reached skill level 1 in Short Blades
  2490 | D:2      | Slain by a jackal

Illustrated notes

Levels and vault maps discovered:
D:1:      wheals_arrival_linesprint, layout_basic
D:2:      layout_loops_ring

Skill      XL: |  1  2  3 |
---------------+----------+-----
Short Blades   | 1 |  1.1
Fighting       | |  1.4
Armour         | |  2.0
Dodging        | |  1.4
Stealth        | |  1.0
Evocations     | |  3.9

Action                   || total
-------------------------++-------
Melee: Club              ||    18
       Dagger            ||   167
Evoke: Wand              ||    10
 Stab: Sleeping          ||     2
Armor: Leather armour    ||    62
Dodge: Dodged            ||   103
